[Event "Reykjavik Open 2025"]
[Site "Reykjavik"]
[Date "2025.04.12"]
[Round "5.13"]
[White "Akesson, Ralf"]
[Black "Zierk, Steven"]
[Result "1/2-1/2"]
[Annotator "TA"]
[ECO "E04"]
[WhiteElo "2361"]
[BlackElo "2501"]
[PlyCount "145"]
[EventDate "2025.04.09"]
[EventType "swiss"]
[EventCountry "ISL"]
[SourceTitle "playchess.com"]
[Source "ChessBase"]
[SourceQuality "1"]
[TimeControl "40/5400+30:1800+30"]

1. Nf3 d5 2. d4 Nf6 3. c4 e6 4. g3 dxc4 5. Bg2 a6 6. O-O Nc6 7. e3 Bd7 8. Qe2 b5 9. b3 {[%emt 0:01:17] E04: Open Catalan: 5 Nf3.} cxb3 10. axb3 Bd6 11. Bb2 {[%emt 0:00:44][%mdl 1024] White is slightly better. White has compensation.} O-O 12. Rc1 {[%emt 0:08:06] White sacrificed a pawn} Nb4 13. Ne1 $146 (13. Ne5 Rc8 14. Na3 c5 15. dxc5 Rxc5 16. Rxc5 Bxc5 17. Nc2 a5 18. Rd1 Qc7 19. Nxd7 Nxd7 {1-0 Duda,J (2731)-Mamedyarov,S (2741) Meltwater Tour Final rapid 2022 (2.2)}) 13... Ra7 14. e4 Be7 15. Nc3 Bc6 16. Na2 Nxa2 17. Rxa2 Bb7 18. Nd3 Nd7 19. Bc3 Qb8 20. d5 exd5 {[%emt 0:04:40] [#]} 21. Bxg7 $1 Kxg7 22. Qg4+ (22. exd5 Qd8 $11 (22... Bg5 23. f4 $14)) 22... Kh8 23. Qxd7 Bg5 24. Rxc7 {[%emt 0:05:29] White has more active pieces.} (24. f4 $16 dxe4 25. Ne5 (25. Rxc7 $2 Bd8 $19) (25. fxg5 exd3 26. Rxc7 Bxg2 $18)) 24... Bc6 $11 25. Qxc6 (25. Qf5 $5 Qxc7 (25... Rxc7 26. exd5 Ba8 27. Qxg5 $14) 26. exd5 $11 (26. Qxg5 Qd8 $17)) 25... Qxc7 26. Qxd5 Qd8 27. Ne5 {[%emt 0:06:00] Wards off Rd7} Qxd5 28. exd5 Re8 29. f4 Bf6 $132 {[%emt 0:00:45][%mdl 2048] Black is fighting back} 30. Nc6 Raa8 (30... Re1+ $2 31. Kf2 Re8 32. Nxa7 $18) 31. d6 Re1+ 32. Kf2 Rd1 {[%emt 0:00:29] [#]} 33. d7 Kg7 (33... Rd6 {simplifies} 34. Rc2 Kg7 35. Ne7 Bxe7 36. Bxa8 Rxd7 37. Ke3 Bd8) 34. Bh3 (34. Bf3 $142 Rxd7 35. Ne5 Bxe5 36. Bxa8 Bd4+ 37. Kg2) 34... Rd6 35. Na5 (35. Bf5 $15) 35... Ra7 $17 36. Rc2 Bd8 $1 37. b4 (37. Nc6 Rc7 38. Bg2 Rcxd7 39. Nxd8 Rd2+ (39... Rxd8 $2 40. Kf3 $19) 40. Rxd2 Rxd2+ 41. Kf3 Rxd8) 37... Rc7 38. Re2 Rc1 39. Bf5 Kf6 40. g4 (40. Nb7 Bb6+ 41. Kg2 Rd5) 40... Rc3 ({Black should try} 40... Bb6+ $19 41. Kg3 Rg1+ 42. Rg2 Rxg2+ 43. Kxg2 Bxa5 44. Bxh7 Bxb4) 41. Nb7 (41. Bxh7 $2 Bb6+ (41... Rxd7 $2 42. Kg2 $19) 42. Kg2 Rxd7 $19) (41. Ke1 $17 {might work better.}) 41... Bb6+ $19 42. Kg2 Rd1 43. h3 {[%emt 0:00:35] [#]} h5 $1 44. Ra2 (44. Nc5 Bxc5) 44... h4 45. Nc5 Kg7 $1 46. Ne4 Rg1+ 47. Kh2 Rcc1 {[%emt 0:00:46] ...Rh1+ would now be deadly.} 48. Nc5 (48. g5 $142) 48... Rgd1 49. Kg2 a5 (49... Bxc5 $19 50. bxc5 Rxc5) 50. Nd3 $17 {[%emt 0:01:13] [#]} Rg1+ 51. Kf3 {[%emt 0:00:07] [#]} Rc4 (51... Rg3+ $1 $17 52. Ke4 Rc3 (52... Rc4+ 53. Kd5 $15)) 52. bxa5 $11 Rg3+ 53. Ke2 Rg2+ 54. Kf3 Rg3+ 55. Ke2 {[%emt 0:00:04] Dancing on a razor blade.} Rg2+ 56. Kf3 Rxa2 57. axb6 Ra8 58. Ne5 Rc3+ ({Don't go for} 58... Ra3+ $2 59. Bd3 Rd4 60. b7 (60. Ke3 Raxd3+ 61. Nxd3 Rxd7 $17) 60... Raxd3+ (60... Rdxd3+ $2 {perishes.} 61. Ke4 $18) 61. Nxd3 Rxd3+ 62. Ke4 Rxd7 63. b8=Q $18 (63. b8=B $2 b4 $19)) (58... Rc5 $1 $11 {and Black is okay.}) 59. Ke4 $18 f6 60. Kd4 Rc1 61. Nd3 Rc4+ $2 (61... Rc6 62. Be4 (62. b7 Rb8 $18) 62... Rc4+ 63. Kd5 Kf8) 62. Kd5 Kf8 63. b7 (63. Nc5 Ke7 $11) 63... Rb8 64. Kd6 b4 65. Kd5 $2 (65. Nc5 $18 b3 66. Ne6+ (66. Nxb3 Rxf4 67. Na5 Kg7 $18) 66... Kg8 67. d8=Q+ (67. d8=R+ Rxd8+ 68. Nxd8 Rd4+ 69. Kc7 Rb4 $18) 67... Rxd8+ 68. Nxd8 Rd4+ 69. Kc7) 65... Rc7 $1 $11 {[%emt 0:00:29] The position is equal.} 66. Nxb4 (66. Nc5 $5 Ke7 $8 67. g5 $11) 66... Rxd7+ $1 67. Bxd7 {[%emt 0:00:11] Intending Bc8 and mate.} Rxb7 68. Ke6 $1 Rxb4 69. Kxf6 Rd4 70. Bf5 {[%emt 0:00:15] Hoping for Kg5.} Rxf4 71. Kg5 Rf3 72. Kxh4 Kg7 73. Bd7 {[%emt 0:00:27] Quite a comeback for White.   Weighted Error Value: White=0.15 (very precise) /Black=0.25 (precise)   Loses game:     	White=1     	Black=1      Mistake:       	White=5     	Black=4      Inaccurate:     	---       	Black=4      OK:         	White=21    	Black=29     Best:        	White=12    	Black=5      Strong:       	White=1     	Black=3} 1/2-1/2

[Event "Reykjavik Open 2025"]
[Site "Reykjavik"]
[Date "2025.04.12"]
[Round "5.14"]
[White "Draskovic, Luka"]
[Black "Papadiamandis, Elliot"]
[Result "1-0"]
[Annotator "ChessBase"]
[ECO "B51"]
[WhiteElo "2488"]
[BlackElo "2315"]
[PlyCount "65"]
[EventDate "2025.04.09"]
[EventType "swiss"]
[EventCountry "ISL"]
[SourceTitle "playchess.com"]
[Source "ChessBase"]
[SourceQuality "1"]
[TimeControl "40/5400+30:1800+30"]

1. e4 c5 2. Nf3 d6 3. Bb5+ Nd7 4. O-O a6 5. Be2 Ngf6 6. d3 g6 7. c4 b5 8. cxb5 axb5 9. d4 Nxe4 10. Bxb5 Bb7 11. dxc5 Nexc5 12. b4 Ne6 13. Bb2 Bg7 14. Bxg7 Nxg7 15. a4 O-O 16. Nc3 Ne6 17. Re1 Nf6 18. Nd4 Nxd4 19. Qxd4 e5 20. Qd2 Qe7 21. a5 Rac8 22. Bf1 d5 23. Na4 Ne4 24. Qb2 d4 25. a6 Bc6 26. b5 Rb8 27. Qc2 Bd5 28. Rxe4 Rfc8 29. Qb1 Bxe4 30. Qxe4 f5 31. Qd5+ Kg7 32. b6 Rd8 33. a7 1-0

[Event "Reykjavik Open 2025"]
[Site "Reykjavik"]
[Date "2025.04.12"]
[Round "5.15"]
[White "Li, Guohao"]
[Black "Kilic, Eray"]
[Result "1/2-1/2"]
[Annotator "ChessBase"]
[ECO "E04"]
[WhiteElo "2356"]
[BlackElo "2473"]
[PlyCount "49"]
[EventDate "2025.04.09"]
[EventType "swiss"]
[EventCountry "ISL"]
[SourceTitle "playchess.com"]
[Source "ChessBase"]
[SourceQuality "1"]
[TimeControl "40/5400+30:1800+30"]

1. d4 Nf6 2. c4 e6 3. Nf3 d5 4. g3 dxc4 5. Bg2 a6 6. O-O Nc6 7. a4 Rb8 8. a5 Bb4 9. Ra4 Be7 10. Qc2 O-O 11. Qxc4 Bd7 12. Ra1 Nb4 13. Nc3 b5 14. axb6 cxb6 15. Bg5 b5 16. Qb3 a5 17. Ne5 Bc8 18. e3 Bb7 19. Bxb7 Rxb7 20. Rfc1 a4 21. Qd1 Nd7 22. Bxe7 Qxe7 23. Nxd7 Qxd7 24. b3 axb3 25. Qxb3 1/2-1/2

[Event "Reykjavik Open 2025"]
[Site "Reykjavik"]
[Date "2025.04.12"]
[Round "5.16"]
[White "Migot, Tangi"]
[Black "Hjartarson, Johann"]
[Result "0-1"]
[Annotator "ChessBase"]
[ECO "C78"]
[WhiteElo "2347"]
[BlackElo "2461"]
[PlyCount "72"]
[EventDate "2025.04.09"]
[EventType "swiss"]
[EventCountry "ISL"]
[SourceTitle "playchess.com"]
[Source "ChessBase"]
[SourceQuality "1"]
[TimeControl "40/5400+30:1800+30"]

1. e4 e5 2. Nf3 Nc6 3. Bb5 a6 4. Ba4 Nf6 5. O-O Bc5 6. c3 O-O 7. d4 Ba7 8. Re1 b5 9. Bc2 d6 10. h3 Bb7 11. a3 h6 12. Be3 Re8 13. Nbd2 Qd7 14. Nf1 exd4 15. cxd4 Na5 16. e5 dxe5 17. dxe5 Qxd1 18. Bxd1 Nd5 19. Bxa7 Rxa7 20. b4 Nc4 21. N1d2 Nf4 22. Nxc4 bxc4 23. Re3 c5 24. bxc5 Rc8 25. Bc2 Rxc5 26. Rb1 Kf8 27. Kf1 a5 28. Ne1 c3 29. f3 g5 30. Kf2 Ba6 31. g3 Ne6 32. Re4 Rd7 33. Rb6 Rd2+ 34. Kg1 Bb5 35. Rd6 Ke7 36. Re3 Nd4 0-1

[Event "Reykjavik Open 2025"]
[Site "Reykjavik"]
[Date "2025.04.12"]
[Round "5.17"]
[White "Garifullina, Leya"]
[Black "Colas, Joshua"]
[Result "1-0"]
[Annotator "ChessBase"]
[ECO "B01"]
[WhiteElo "2459"]
[BlackElo "2275"]
[PlyCount "115"]
[EventDate "2025.04.09"]
[EventType "swiss"]
[EventCountry "ISL"]
[SourceTitle "playchess.com"]
[Source "ChessBase"]
[SourceQuality "1"]
[TimeControl "40/5400+30:1800+30"]

1. e4 d5 2. exd5 Qxd5 3. Nc3 Qd6 4. d4 Nf6 5. Nf3 c6 6. g3 Bg4 7. Bg2 e6 8. O-O Nbd7 9. h3 Bh5 10. Ne2 Qc7 11. Nf4 Bg6 12. Nxg6 hxg6 13. c4 Bd6 14. Re1 O-O 15. Bd2 Rfe8 16. Bc3 Rad8 17. Qc2 c5 18. dxc5 Bxc5 19. b4 Bf8 20. Nd2 Nb6 21. Bf1 Nh5 22. Rad1 Qc6 23. a3 Be7 24. Bg2 Qc8 25. Bb2 Bg5 26. c5 Bxd2 27. Rxd2 Rxd2 28. Qxd2 Nc4 29. Qc3 Nxb2 30. Qxb2 Nf6 31. Qe5 Rd8 32. Rc1 Qd7 33. Bf3 Nd5 34. Rd1 b6 35. Rc1 bxc5 36. Rxc5 Rc8 37. Kg2 Rxc5 38. bxc5 Qc7 39. Qd4 Qc6 40. h4 Kf8 41. Kg1 Kg8 42. Bxd5 exd5 43. Qb4 Kh7 44. a4 Qf6 45. Qb3 Qe5 46. c6 d4 47. Qc4 Qc7 48. Qxd4 Qxc6 49. Qxa7 f5 50. Qd4 Qc1+ 51. Kh2 Qa3 52. Qf4 Kh8 53. Kg2 Kg8 54. Qc4+ Kh7 55. Qb5 Qe7 56. Qd5 f4 57. gxf4 Qxh4 58. Qg5 1-0

[Event "Reykjavik Open 2025"]
[Site "Reykjavik"]
[Date "2025.04.12"]
[Round "5.18"]
[White "Kjartansson, Gudmundur"]
[Black "Briem, Benedikt"]
[Result "1-0"]
[Annotator "ChessBase"]
[ECO "D36"]
[WhiteElo "2450"]
[BlackElo "2249"]
[PlyCount "93"]
[EventDate "2025.04.09"]
[EventType "swiss"]
[EventCountry "ISL"]
[SourceTitle "playchess.com"]
[Source "ChessBase"]
[SourceQuality "1"]
[TimeControl "40/5400+30:1800+30"]

1. c4 e6 2. Nc3 d5 3. d4 Nf6 4. cxd5 exd5 5. Bg5 c6 6. e3 Be7 7. Bd3 h6 8. Bh4 O-O 9. Qc2 Ne8 10. Bg3 Nd6 11. h3 Re8 12. Nf3 Bf8 13. O-O a5 14. Ne5 Nd7 15. Rad1 Nf6 16. f3 Be6 17. b3 Nd7 18. e4 Nb6 19. Ne2 Nd7 20. Nxd7 Bxd7 21. e5 Nb5 22. f4 c5 23. dxc5 Rc8 24. Bf2 b6 25. Bh7+ Kh8 26. Rxd5 Qc7 27. Rxd7 Qxd7 28. Bf5 Qc6 29. Bxc8 Rxc8 30. Rc1 bxc5 31. a4 Na3 32. Qd2 Qe4 33. Qd7 Rb8 34. Qc7 Ra8 35. Kf1 Qd5 36. Bxc5 Bxc5 37. Qxc5 Qxb3 38. Qc3 Qb4 39. Qd3 Rb8 40. Rc7 Kg8 41. Qd7 Qb1+ 42. Kf2 Qb6+ 43. Kg3 Qe3+ 44. Kh2 Rf8 45. Qg4 Nb1 46. Ng3 Nd2 47. Nf5 1-0

[Event "Reykjavik Open 2025"]
[Site "Reykjavik"]
[Date "2025.04.12"]
[Round "5.19"]
[White "Schouten, Mathias Lind"]
[Black "Larkin, Vladyslav"]
[Result "0-1"]
[Annotator "ChessBase"]
[ECO "B01"]
[WhiteElo "2279"]
[BlackElo "2449"]
[PlyCount "60"]
[EventDate "2025.04.09"]
[EventType "swiss"]
[EventCountry "ISL"]
[SourceTitle "playchess.com"]
[Source "ChessBase"]
[SourceQuality "1"]
[TimeControl "40/5400+30:1800+30"]

1. e4 d5 2. exd5 Qxd5 3. Nc3 Qa5 4. d4 c6 5. Nf3 Bf5 6. Be2 Nf6 7. O-O h6 8. Ne5 e6 9. Re1 Be7 10. Bf4 O-O 11. Qd2 Nbd7 12. Nc4 Qd8 13. Nd6 Bxd6 14. Bxd6 Re8 15. Bd3 Bxd3 16. Qxd3 Qb6 17. b4 Rad8 18. Na4 Qb5 19. Qxb5 cxb5 20. Nc5 b6 21. Nd3 Rc8 22. a4 bxa4 23. Rxa4 Rxc2 24. Rxa7 Rec8 25. Kf1 Rd2 26. Re3 Nd5 27. Ke1 Rcc2 28. Rg3 Nc3 29. Ra1 Ne4 30. Bf4 Re2+ 0-1

[Event "Reykjavik Open 2025"]
[Site "Reykjavik"]
[Date "2025.04.12"]
[Round "5.20"]
[White "Prraneeth Vuppala"]
[Black "Wan, Joseph"]
[Result "1-0"]
[Annotator "ChessBase"]
[ECO "C05"]
[WhiteElo "2433"]
[BlackElo "2242"]
[PlyCount "83"]
[EventDate "2025.04.09"]
[EventType "swiss"]
[EventCountry "ISL"]
[SourceTitle "playchess.com"]
[Source "ChessBase"]
[SourceQuality "1"]
[TimeControl "40/5400+30:1800+30"]

1. e4 e6 2. d4 d5 3. Nc3 Nf6 4. e5 Nfd7 5. f4 c5 6. Nf3 Nc6 7. Ne2 cxd4 8. Nexd4 Be7 9. Nxc6 bxc6 10. Bd3 Nc5 11. O-O O-O 12. Be3 a5 13. Bxc5 Bxc5+ 14. Kh1 Be7 15. Qe2 Qb6 16. Ng5 h6 17. c4 Ba6 18. Nh7 dxc4 19. Bc2 Rfd8 20. f5 exf5 21. e6 f6 22. Qh5 Qxb2 23. Bxf5 Rd5 24. Rab1 Qxa2 25. Qf7+ Kh8 26. Be4 Re5 27. Qxe7 Rxe4 28. Nxf6 Re2 29. Ne8 Rxg2 30. Rf8+ Kh7 31. Nf6+ Kg6 32. Qf7+ Kf5 33. Qh5+ Rg5 34. Qf3+ Kxe6 35. Re1+ Kd6 36. Rxa8 Bb7 37. Ne4+ Kc7 38. Nxg5 Bxa8 39. Ne6+ Kb6 40. Kg1 Bb7 41. Qe3+ Ka6 42. Nc7# 1-0

[Event "Reykjavik Open 2025"]
[Site "Reykjavik"]
[Date "2025.04.12"]
[Round "5.21"]
[White "Nissinen, Niilo Man"]
[Black "Niermann, Tristan"]
[Result "1-0"]
[Annotator "ChessBase"]
[ECO "B67"]
[WhiteElo "2268"]
[BlackElo "2427"]
[PlyCount "97"]
[EventDate "2025.04.09"]
[EventType "swiss"]
[EventCountry "ISL"]
[SourceTitle "playchess.com"]
[Source "ChessBase"]
[SourceQuality "1"]
[TimeControl "40/5400+30:1800+30"]

1. e4 c5 2. Nf3 d6 3. d4 cxd4 4. Nxd4 Nf6 5. Nc3 Nc6 6. Bg5 e6 7. Qd2 a6 8. O-O-O Bd7 9. f4 h6 10. Bh4 b5 11. Bxf6 gxf6 12. Kb1 Qb6 13. Nxc6 Bxc6 14. f5 b4 15. Ne2 e5 16. Ng3 Qc5 17. Be2 a5 18. Bf3 h5 19. Nxh5 Ke7 20. Qd3 a4 21. Ng3 Bh6 22. Be2 Rhc8 23. Qc4 Qb6 24. Rxd6 Kxd6 25. Qxf7 Be8 26. Rd1+ Kc6 27. Qxf6+ Kb7 28. Qxe5 b3 29. cxb3 Rc5 30. Qe7+ Rc7 31. Qe6 Rc6 32. Qe7+ Rc7 33. Qe6 Qxe6 34. fxe6 Rd8 35. Rf1 Rd2 36. Bc4 Bg7 37. Nf5 Be5 38. Kc1 Rxb2 39. Nd6+ Kc6 40. Nxe8 Rc8 41. Rf5 Bc3 42. Bb5+ Kb6 43. Nd6 Bd2+ 44. Kxb2 a3+ 45. Kxa3 Bc1+ 46. Ka4 Ra8+ 47. Kb4 Ba3+ 48. Kc4 Bxd6 49. a4 1-0

[Event "Reykjavik Open 2025"]
[Site "Reykjavik"]
[Date "2025.04.12"]
[Round "5.22"]
[White "Priansh Das"]
[Black "Yankelevich, Lev"]
[Result "1/2-1/2"]
[Annotator "ChessBase"]
[ECO "B33"]
[WhiteElo "2262"]
[BlackElo "2413"]
[PlyCount "32"]
[EventDate "2025.04.09"]
[EventType "swiss"]
[EventCountry "ISL"]
[SourceTitle "playchess.com"]
[Source "ChessBase"]
[SourceQuality "1"]
[TimeControl "40/5400+30:1800+30"]

1. e4 c5 2. Nf3 Nc6 3. d4 cxd4 4. Nxd4 e5 5. Nb5 d6 6. N1c3 a6 7. Na3 Be6 8. Nd5 Nf6 9. Bg5 Bxd5 10. Qxd5 Nxd5 11. Bxd8 Nc3 12. bxc3 Rxd8 13. Nc4 d5 14. exd5 Rxd5 15. Rb1 Rb5 16. Rb3 Rxb3 1/2-1/2

[Event "Reykjavik Open 2025"]
[Site "Reykjavik"]
[Date "2025.04.12"]
[Round "5.23"]
[White "Unzicker, Ferdinand"]
[Black "Tahay, Alexis"]
[Result "0-1"]
[Annotator "ChessBase"]
[ECO "E24"]
[WhiteElo "2241"]
[BlackElo "2397"]
[PlyCount "112"]
[EventDate "2025.04.09"]
[EventType "swiss"]
[EventCountry "ISL"]
[SourceTitle "playchess.com"]
[Source "ChessBase"]
[SourceQuality "1"]
[TimeControl "40/5400+30:1800+30"]

1. d4 Nf6 2. c4 e6 3. Nc3 Bb4 4. a3 Bxc3+ 5. bxc3 c5 6. f3 Nc6 7. e4 d6 8. Ne2 b6 9. Bg5 h6 10. Bh4 Bb7 11. Nc1 Qc7 12. Nb3 Ne7 13. Be2 Ng6 14. Bg3 Rd8 15. h4 Nh5 16. Bf2 f5 17. d5 O-O 18. exf5 exf5 19. Qc2 Nhf4 20. Bf1 Rde8+ 21. Kd1 Qf7 22. a4 Nh5 23. Nd2 Bc8 24. Kc1 Ne5 25. Kb2 f4 26. Ne4 Qg6 27. Re1 Re7 28. Rg1 Rfe8 29. Kb3 Bf5 30. Qd2 Rd8 31. Qd1 Nf6 32. Nxf6+ Qxf6 33. g4 fxg3 34. Bxg3 Rde8 35. f4 Ng4 36. Qd2 Rxe1 37. Bxe1 Qe7 38. Bd3 Qe3 39. Bxf5 Qxg1 40. Be6+ Kh8 41. f5 Nf6 42. Qe2 h5 43. Bd2 Qg4 44. Qh2 Qd1+ 45. Kb2 Ng4 46. Qg2 Ne5 47. Bg5 Nxc4+ 48. Ka2 Qxa4+ 49. Kb1 Qb3+ 50. Kc1 Qxc3+ 51. Kb1 Qd3+ 52. Ka1 Rf8 53. f6 Qd4+ 54. Ka2 Rxf6 55. Bxf6 Qxf6 56. Qe2 Qxh4 0-1

[Event "Reykjavik Open 2025"]
[Site "Reykjavik"]
[Date "2025.04.12"]
[Round "5.24"]
[White "Vogt, Lothar"]
[Black "Kirk, Ezra"]
[Result "0-1"]
[Annotator "RC"]
[ECO "B22"]
[WhiteElo "2229"]
[BlackElo "2394"]
[PlyCount "132"]
[EventDate "2025.04.09"]
[EventType "swiss"]
[EventCountry "ISL"]
[SourceTitle "playchess.com"]
[Source "ChessBase"]
[SourceQuality "1"]
[TimeControl "40/5400+30:1800+30"]

1. e4 c5 2. c3 Nf6 3. e5 Nd5 4. Nf3 d6 5. exd6 e6 6. d4 cxd4 7. cxd4 Bxd6 8. Nc3 O-O 9. Bd3 Nxc3 10. bxc3 Nd7 11. O-O b6 12. c4 Bb7 13. Bb2 Qf6 14. Re1 Bxf3 15. Qxf3 Qxf3 16. gxf3 Rac8 17. a4 Bb4 18. Red1 Rfd8 19. Kf1 a5 20. Ke2 Be7 21. Rab1 Bf6 22. f4 g6 23. Ke3 Nb8 24. Be2 Nc6 25. d5 Bxb2 26. dxc6 Ba3 27. Bf3 Kf8 28. Rd7 Rxd7 29. cxd7 Rd8 30. Bc6 Ke7 31. f3 Bc5+ 32. Ke4 h5 33. h3 h4 34. Rb2 Rh8 35. Rg2 Kd6 36. Bb5 Kc7 37. Rd2 Kd8 38. Rg2 Be7 39. Rd2 Rh5 40. Rd4 Bc5 41. Rd2 Rf5 42. Bc6 Bf8 43. Rb2 Bb4 44. Rb1 Bc5 45. Rd1 g5 46. fxg5 Rxg5 47. Rd2 Be7 48. Bb5 Rg3 49. Rh2 Bd6 50. Rh1 f5+ 51. Ke3 e5 52. Ke2 Bc5 53. Bc6 Rg6 54. Bb5 Rg2+ 55. Kd1 Be3 56. Ke1 Rc2 57. Rf1 Rh2 58. c5 bxc5 59. Bd3 Kxd7 60. Bxf5+ Kd6 61. Kd1 Rd2+ 62. Ke1 Ra2 63. Kd1 Rxa4 64. Ke2 Bd4 65. Rb1 Rb4 66. Rxb4 cxb4 0-1

[Event "Reykjavik Open 2025"]
[Site "Reykjavik"]
[Date "2025.04.12"]
[Round "5.25"]
[White "Terrieux, Kevin"]
[Black "Lohr, Matthias"]
[Result "1-0"]
[Annotator "ChessBase"]
[ECO "B31"]
[WhiteElo "2394"]
[BlackElo "2092"]
[PlyCount "42"]
[EventDate "2025.04.09"]
[EventType "swiss"]
[EventCountry "ISL"]
[SourceTitle "playchess.com"]
[Source "ChessBase"]
[SourceQuality "1"]
[TimeControl "40/5400+30:1800+30"]

1. e4 c5 2. Nf3 Nc6 3. Bb5 g6 4. O-O Bg7 5. c3 a6 6. Bxc6 bxc6 7. Re1 e5 8. d4 cxd4 9. cxd4 d6 10. dxe5 dxe5 11. Qc2 Ne7 12. b3 O-O 13. Ba3 Bg4 14. Nbd2 Rc8 15. h3 Bxf3 16. Nxf3 Re8 17. Red1 Qa5 18. Bd6 c5 19. Bxe5 Bh6 20. Bc3 Qc7 21. Ne5 Bf8 1-0

[Event "Reykjavik Open 2025"]
[Site "Reykjavik"]
[Date "2025.04.12"]
[Round "5.26"]
[White "Borne, Felix"]
[Black "Willems, Niels"]
[Result "0-1"]
[Annotator "ChessBase"]
[ECO "D02"]
[WhiteElo "2225"]
[BlackElo "2394"]
[PlyCount "68"]
[EventDate "2025.04.09"]
[EventType "swiss"]
[EventCountry "ISL"]
[SourceTitle "playchess.com"]
[Source "ChessBase"]
[SourceQuality "1"]
[TimeControl "40/5400+30:1800+30"]

1. Nf3 Nf6 2. g3 c5 3. Bg2 Nc6 4. d4 cxd4 5. Nxd4 e5 6. Nb3 d5 7. O-O Be7 8. Bg5 Be6 9. Bxf6 Bxf6 10. c4 d4 11. Nc5 Bc8 12. b4 O-O 13. a3 Qc7 14. Nd2 Be7 15. Nd3 f5 16. Bd5+ Kh8 17. e3 dxe3 18. fxe3 Bg5 19. Qe2 Bd7 20. Rae1 Ne7 21. Nf3 Bf6 22. e4 Nxd5 23. cxd5 Bb5 24. Rc1 Qb6+ 25. Kg2 Rac8 26. Rfd1 Qa6 27. Rxc8 Rxc8 28. exf5 Qxa3 29. Rd2 Qc3 30. d6 Rd8 31. Kh3 Rxd6 32. Nfe1 e4 33. Qxe4 Qxd2 34. Qxb7 Qh6+ 0-1

[Event "Reykjavik Open 2025"]
[Site "Reykjavik"]
[Date "2025.04.12"]
[Round "5.27"]
[White "James, Chris"]
[Black "Gislason, Gudmundur"]
[Result "0-1"]
[Annotator "ChessBase"]
[ECO "C00"]
[WhiteElo "1895"]
[BlackElo "2216"]
[PlyCount "80"]
[EventDate "2025.04.09"]
[EventType "swiss"]
[EventCountry "ISL"]
[SourceTitle "playchess.com"]
[Source "ChessBase"]
[SourceQuality "1"]
[TimeControl "40/5400+30:1800+30"]

1. e4 c5 2. Nf3 e6 3. d3 Nc6 4. g3 Nf6 5. Bg2 d5 6. Nbd2 Be7 7. O-O O-O 8. Re1 b5 9. e5 Nd7 10. Nf1 Qc7 11. Bf4 Bb7 12. h4 d4 13. h5 Nb6 14. h6 g6 15. N1h2 Nd5 16. Bg5 Rfe8 17. Ng4 Qd8 18. Qd2 f5 19. exf6 Nxf6 20. Nfe5 Nxe5 21. Nxe5 Bxg2 22. Kxg2 Qd5+ 23. Kg1 Nd7 24. Nxd7 Bxg5 25. f4 Qxd7 26. fxg5 e5 27. Re4 Re7 28. Rf1 Rae8 29. Kg2 Rf7 30. Qe2 Rxf1 31. Qxf1 Qf5 32. Re2 Qxg5 33. Qf3 e4 34. dxe4 Rf8 35. Qb3+ c4 36. Qa3 Qf6 37. Kh2 Qg5 38. Rg2 Rf1 39. g4 Qxh6+ 40. Kg3 Qf4+ 0-1

[Event "Reykjavik Open 2025"]
[Site "Reykjavik"]
[Date "2025.04.12"]
[Round "5.28"]
[White "Shafer, Logan C"]
[Black "Hallmundarson, Birkir"]
[Result "1-0"]
[Annotator "ChessBase"]
[ECO "D02"]
[WhiteElo "2193"]
[BlackElo "1882"]
[PlyCount "95"]
[EventDate "2025.04.09"]
[EventType "swiss"]
[EventCountry "ISL"]
[SourceTitle "playchess.com"]
[Source "ChessBase"]
[SourceQuality "1"]
[TimeControl "40/5400+30:1800+30"]

1. Nf3 c5 2. g3 Nc6 3. Bg2 d5 4. d4 Nf6 5. O-O Bg4 6. Ne5 Bh5 7. Nxc6 bxc6 8. dxc5 e5 9. b4 a5 10. c3 axb4 11. cxb4 Be7 12. Bb2 Qc7 13. Qd2 O-O 14. a4 Rad8 15. Na3 Nd7 16. e3 f5 17. f4 Bf6 18. Rac1 exf4 19. exf4 Qa7 20. Bxf6 Nxf6 21. Qc2 Ra8 22. a5 Ne4 23. Qd3 Rab8 24. Nc2 Rfe8 25. Nd4 Qd7 26. Rb1 Red8 27. Rfc1 Rbc8 28. a6 Bg6 29. h3 Kh8 30. Kh2 Qa7 31. Bxe4 dxe4 32. Qc4 Bf7 33. Qc3 Rd5 34. Ra1 h6 35. Rd1 Kh7 36. Rd2 Rc7 37. Nc2 Rcd7 38. Rxd5 Bxd5 39. Nd4 g6 40. h4 Qb8 41. b5 cxb5 42. c6 Rc7 43. Qc5 Bc4 44. a7 Qa8 45. Qb6 Rc8 46. Qb7+ Kh8 47. Qxc8+ Qxc8 48. a8=Q 1-0

[Event "Reykjavik Open 2025"]
[Site "Reykjavik"]
[Date "2025.04.12"]
[Round "5.29"]
[White "Martin, Nils"]
[Black "Belic, Nebojsa"]
[Result "1-0"]
[Annotator "ChessBase"]
[ECO "B00"]
[WhiteElo "2181"]
[BlackElo "1850"]
[PlyCount "33"]
[EventDate "2025.04.09"]
[EventType "swiss"]
[EventCountry "ISL"]
[SourceTitle "playchess.com"]
[Source "ChessBase"]
[SourceQuality "1"]
[TimeControl "40/5400+30:1800+30"]

1. e4 b6 2. d4 Bb7 3. Nd2 e6 4. Ngf3 Nf6 5. e5 Ne4 6. Nxe4 Bxe4 7. Bd3 Bxd3 8. Qxd3 c5 9. d5 exd5 10. Qxd5 Nc6 11. O-O Be7 12. Rd1 Qc7 13. Bf4 Rd8 14. Bg3 Nb4 15. Qc4 Qc6 16. c3 b5 17. Qg4 1-0

[Event "Reykjavik Open 2025"]
[Site "Reykjavik"]
[Date "2025.04.12"]
[Round "5.30"]
[White "Rajkumar, Daniel"]
[Black "Cramling Bellon, Anna"]
[Result "1/2-1/2"]
[Annotator "RC"]
[ECO "D02"]
[WhiteElo "1855"]
[BlackElo "2046"]
[PlyCount "133"]
[EventDate "2025.04.09"]
[EventType "swiss"]
[EventCountry "ISL"]
[SourceTitle "playchess.com"]
[Source "ChessBase"]
[SourceQuality "1"]
[TimeControl "40/5400+30:1800+30"]

1. Nf3 d5 2. d4 Nf6 3. Bf4 e6 4. c3 Bd6 5. Bxd6 Qxd6 6. e3 c5 7. Nbd2 Nc6 8. Bb5 O-O 9. O-O Bd7 10. a4 a6 11. Bxc6 Bxc6 12. Ne5 Nd7 13. Nxd7 Bxd7 14. Nf3 f6 15. Qd2 e5 16. Rfd1 cxd4 17. cxd4 e4 18. Ne1 Rac8 19. a5 f5 20. g3 g5 21. Ng2 Rf6 22. Rac1 Rcf8 23. Qc3 Bc6 24. Kf1 Rh6 25. h4 Qg6 26. Ke2 Qh5+ 27. Kf1 gxh4 28. Nxh4 Bb5+ 29. Kg2 Be2 30. Rg1 Qf3+ 31. Kh2 Qxf2+ 32. Rg2 Qf3 33. Qd2 Bc4 34. Qf2 Qh5 35. Qf4 Rg6 36. Qe5 Rg4 37. b3 Re8 38. Qf6 Rg6 39. Qxf5 Qxf5 40. Nxf5 Bb5 41. Rc7 Rf6 42. g4 Kh8 43. Kg3 Rd8 44. Rxb7 Bd7 45. Rh2 Rf7 46. Rc2 h5 47. Rh2 Rh7 48. Nd6 Rg8 49. Rh4 Bxg4 50. Rxh7+ Kxh7 51. Kf4 Rb8 52. Ke5 Rxb3 53. Kxd5 Rxe3 54. Nxe4 Bf3 55. Ke5 Kg6 56. d5 Rxe4+ 57. Rxe4 Bxe4 58. Kxe4 Kf6 59. Kf4 h4 60. Kg4 Ke5 61. Kxh4 Kxd5 62. Kg3 Kc4 63. Kf2 Kb4 64. Ke1 Kxa5 65. Kd1 Ka4 66. Kc1 Ka3 67. Kb1 1/2-1/2